[Event "Live Chess"]
[Site "Chess.com"]
[Date "2024.06.01"]
[Round "-"]
[White "sshamil"]
[Black "Ksenia_2013"]
[Result "1-0"]
[WhiteElo "1704"]
[BlackElo "785"]
[TimeControl "300"]
[EndTime "10:17:46 PDT"]
[Termination "sshamil won by checkmate"]

1. g3 d5 2. Bg2 Be6 3. Nf3 Nc6 4. O-O Nf6 5. d4 g6 6. Bg5 Bg7 7. Re1 O-O 8. c3 Ng4 9. h3 Nxf2 10. Kxf2 f6 11. Bd2 Qd6 12. Bf4 Qd7 13. g4 f5 14.
Ne5 Qd6 15. e3 Nxe5 16. dxe5 Bxe5 17. Bxe5 Qxe5 18. Qd4 Qxd4 19. exd4 fxg4+ 20. Kg1 gxh3 21. Bf1 Rf6 22. Nd2 Raf8 23. Re2 Bg4 24. Rxe7 Rf2 25.
Nb3 h2+ 26. Kh1 Bf3+ 27. Bg2 Bxg2+ 28. Kxh2 Bf3+ 29. Kg3 Rg2+ 30. Kh3 Bg4+ 31. Kxg2 Bf3+ 32. Kg3 h5 33. Nc5 g5 34. Ne6 h4+ 35. Kh2 Rf6 36.
Nxg5 Rg6 37. Rg1 Be2 38. Rxe2 Rf6 39. Re8+ Kg7 40. Ne4+ Rg6 41. Rxg6+ Kxg6 42. Re6+ Kf7 43. Ng5+ Kg7 44. Nf3 Kf7 45. Rh6 Kg7 46. Rh5 Kg6 47.
Rxh4 Kf5 48. Kg3 Kg6 49. Ne5+ Kg5 50. Rf4 Kh5 51. Rf5+ Kh6 52. Kg4 Kh7 53. Kg5 Kg7 54. Rf7+ Kg8 55. Kg6 Kh8 56. Rg7 c5 57. Nf7# 1-0

[Event "Live Chess"]
[Site "Chess.com"]
[Date "2024.06.01"]
[Round "-"]
[White "Yarigo"]
[Black "Zhevzh1k7"]
[Result "1-0"]
[WhiteElo "2389"]
[BlackElo "1072"]
[TimeControl "300"]
[EndTime "10:17:57 PDT"]
[Termination "Yarigo won by checkmate"]

1. d4 Nf6 2. Nf3 e6 3. Bf4 c6 4.
Nbd2 Qb6 5. Rb1 g6 6. e4 Bg7 7. Bd3 d5 8. c3 Nbd7 9. e5 Nh5 10.
Be3 c5 11. g4 cxd4 12. cxd4 f6 13. gxh5 fxe5 14. dxe5 Qc7 15. Rc1 Qd8 16. hxg6 hxg6 17. Bxg6+ Kf8 18. Bd4 Rh6 19. Rg1 Nb6 20. Nb3 Bd7 21.
Nc5 Nc4 22. b3 Qa5+ 23. Ke2 Na3 24. Nxd7+ Ke7 25. Nc5 b6 26. Nd3 Rf8 27. Rc7+ Kd8 28. Rxg7 Nb5 29. Qc2 Nxd4+ 30. Nxd4 Qa6 31. Qc7# 1-0

[Event "Live Chess"]
[Site "Chess.com"]
[Date "2024.06.01"]
[Round "-"]
[White "EgbertIII"]
[Black "defenderalist"]
[Result "1-0"]
[WhiteElo "1452"]
[BlackElo "1486"]
[TimeControl "300"]
[EndTime "10:17:58 PDT"]
[Termination "EgbertIII won by resignation"]

1. b4 Nf6 2. Bb2 e6 3. a3 d5 4. e3 c5 5. bxc5 Bxc5 6. Nf3 O-O 7. c4 dxc4 8. Bxc4 Nc6 9. O-O a6 10. Nc3 b5 11. Bb3 Bb7 12. d4 Bb6 13. Rc1 Na5 14. Ba2 Rc8 15. Ne2 Bxf3 16. gxf3 Rxc1 17. Qxc1 Nd5 18.
Ng3 Qd7 19. e4 Ne7 20. Kh1 Rc8 21. Qg5 h6 22. Qg4 Bxd4 23. Bxd4 Qxd4 24. Nh5 Ng6 25. Bxe6 Rc6 26. Bd5 Rc2 27. Qxg6 Kh8 28. Qxf7 1-0

[Event "Live Chess"]
[Site "Chess.com"]
[Date "2024.06.01"]
[Round "-"]
[White "GwaryTek"]
[Black "jimwad"]
[Result "1-0"]
[WhiteElo "1895"]
[BlackElo "1260"]
[TimeControl "300"]
[EndTime "10:18:06 PDT"]
[Termination "GwaryTek won by checkmate"]

1. d4 d5 2. e4 dxe4 3. Nc3 Nf6 4. f3 exf3 5. Nxf3 Nc6 6. Bc4 Bg4 7. d5 Ne5 8. Nxe5 Bxd1 9. Bb5+ c6 10. dxc6 Qd4 11. cxb7+ Nd7 12. bxa8=Q# 1-0

[Event "Live Chess"]
[Site "Chess.com"]
[Date "2024.06.01"]
[Round "-"]
[White "KeithArkell"]
[Black "MellowAesthetic"]
[Result "1-0"]
[WhiteElo "2517"]
[BlackElo "2067"]
[TimeControl "300"]
[EndTime "10:18:14 PDT"]
[Termination "KeithArkell won by resignation"]

1. d4 Nf6 2. Nf3 g6 3. c4 Bg7 4. g3 O-O 5. Bg2 d6 6. O-O Nbd7 7. d5 Nb6 8. Nbd2 c5 9. dxc6 bxc6 10. Nd4 Bb7 11.
Nxc6 Qc7 12. Na5 Bxg2 13. Kxg2 d5 14. cxd5 Nfxd5 15. Rb1 Nb4 16. a3 Nc2 17. b4 Rfd8 18. Bb2 Bxb2 19. Rxb2 Nxa3 20. Qb3 Nb5 21. e3 Qe5 22. Rc2 Qd5+ 23. Qxd5 Nxd5 24. Nc6 Rd7 25. Rc5 Nxe3+ 26. fxe3 Rxd2+ 27. Rf2 Rxf2+ 28. Kxf2 Nd6 29. Ra5 Nc8 30. b5 Kf8 31. g4 g5 32. Kf3 Ke8 33.
h4 gxh4 34. Ra1 Kd7 35. Rh1 a6 36. Nd4 axb5 37. Nxb5 Ra5 38. Nd4 h5 39. Rxh4 hxg4+ 40. Rxg4 e5 41. Nb3 Ra3 42. Nc5+ Ke7 43. Rb4 Nd6 44. Rh4 Ra5 45. Nb3 Ra3 46. Rb4 Ke6 47. Rb6 Kd5 48. Nd2 f5 49. Rxd6+ Kxd6 50. Nc4+ Kd5 51. Nxa3 f4 52. e4+ 1-0

[Event "Live Chess"]
[Site "Chess.com"]
[Date "2024.06.01"]
[Round "-"]
[White "DarranAS"]
[Black "halfberg"]
[Result "0-1"]
[WhiteElo "1521"]
[BlackElo "1907"]
[TimeControl "300"]
[EndTime "10:18:16 PDT"]
[Termination "halfberg won by checkmate"]

1. e4 c5 2. Nf3 Nc6 3. c4 e6 4.
Nc3 Nge7 5. d3 g6 6. Be3 d6 7. Be2 Bg7 8. O-O O-O 9. Qd2 Nd4 10. Bh6 Nec6 11. Bxg7 Kxg7 12. Bd1 Nxf3+ 13. Bxf3 Nd4 14.
Bd1 Bd7 15. Ne2 Qf6 16. Nxd4 Qxd4 17. Bf3 e5 18. Rab1 Rab8 19. b4 b5 20. bxc5 Qxc5 21. cxb5 Bxb5 22. Rfc1 Qd4 23. Rb3 Ba4 24. Rxb8 Rxb8 25.
h4 Rb2 26. Qa5 Qxf2+ 27. Kh2 Qxh4+ 28. Kg1 Qf2+ 29. Kh2 Qxf3 30. Rg1 Qf4+ 31. Kh3 Bd7+ 32. g4 Rh2# 0-1

[Event "Live Chess"]
[Site "Chess.com"]
[Date "2024.06.01"]
[Round "-"]
[White "SvitlanaJ"]
[Black "updatedopenings2024"]
[Result "0-1"]
[WhiteElo "593"]
[BlackElo "1805"]
[TimeControl "300"]
[EndTime "10:18:16 PDT"]
[Termination "updatedopenings2024 won by resignation"]

1. e4 c6 2. d4 d5 3. e5 c5 4. c3 Nc6 5. Nf3 Bg4 6. Be2 Bxf3 7. Bxf3 cxd4 8. cxd4 e6 9. Be2 Qb6 10. Be3 Nge7 11. Nc3 Nf5 12. Bb5 Bb4 13. O-O Bxc3 14. Bxc6+ Qxc6 15. bxc3 O-O 16. Rc1 b5 17. g4 Ne7 18.
Bg5 Nc8 19. Qf3 f6 20. Bh6 gxh6 21. Qh3 Qe8 22. Qxh6 Qg6 23. Qh3 fxe5 24. dxe5 Ne7 25. Rb1 a6 26. f4 Rxf4 27. Rxf4 Qxb1+ 28. Rf1 Qe4 29. g5 Nf5 30. Qh5 Qh4 31. Qxh4 Nxh4 32.
Rf6 Re8 33. g6 Nxg6 0-1

[Event "Live Chess"]
[Site "Chess.com"]
[Date "2024.06.01"]
[Round "-"]
[White "TC2304"]
[Black "Ferrarifan27"]
[Result "1-0"]
[WhiteElo "2337"]
[BlackElo "2069"]
[TimeControl "300"]
[EndTime "10:18:22 PDT"]
[Termination "TC2304 won by resignation"]

1. a4 e5 2. a5 d5 3. e3 Nf6 4. d4 exd4 5. exd4 a6 6. Bd3 Nc6 7. c3 Bg4 8. f3 Bh5 9. Ne2 Bd6 10. Nf4 O-O 11. O-O Bg6 12. Nxg6 hxg6 13. Nd2 Re8 14. Re1 Rxe1+ 15. Qxe1 Qd7 16. Nf1 Re8 17.
Qf2 Qe7 18. Bd2 Nh5 19. g3 Nf6 20. b4 Qd7 21. Re1 Rxe1 22. Qxe1 Qe8 23. Kf2 Qxe1+ 24.
Kxe1 Kf8 25. Bc2 Ke7 26. Bb3 Ke6 27. Bg5 Ne7 28. Ne3 c6 29. Ng2 Nh7 30. Bd2 Nf6 31.
Kf2 Nf5 32. g4 Ne7 33. Nf4+ Kd7 34. h4 Nh7 35. Bc2 Nf8 36. Nd3 f6 37. Nc5+ Bxc5 38.
dxc5 f5 39. h5 fxg4 40. fxg4 gxh5 41. gxh5 Ke6 42. Bd1 Kf5 43. Kg3 Ke4 44. Bc2+ Ke5 45.
Bf4+ Ke6 46. Kg4 Nd7 47. Be3 Ne5+ 48. Kg5 Nf7+ 49. Kg4 Ne5+ 50. Kf4 Nf7 51. Bd4 g5+ 52. hxg6 Nh8 53. Bxh8 Nxg6+ 54. Bxg6 1-0

[Event "Live Chess"]
[Site "Chess.com"]
[Date "2024.06.01"]
[Round "-"]
[White "bill77678"]
[Black "road2gm5000"]
[Result "1-0"]
[WhiteElo "1818"]
[BlackElo "1045"]
[TimeControl "300"]
[EndTime "10:18:22 PDT"]
[Termination "bill77678 won by resignation"]

1. e4 c6 2. d4 d5 3. exd5 cxd5 4.
Bd3 Nc6 5. c3 Nf6 6. Bf4 Bg4 7.
Qb3 Qb6 8. Qxb6 axb6 9. Nd2 e6 10. Ngf3 Be7 11. O-O Rc8 12. Rfe1 O-O 13. Ne5 Nxe5 14. dxe5 Nd7 15. Nb3 Bc5 16. Nxc5 bxc5 17. c4 d4 18. Bd2 Rb8 19. b4 b6 20. a4 Ra8 21. a5 bxa5 22.
bxa5 Ra6 23. Reb1 Nxe5 24. Bf1 d3 25. Rb6 Rxb6 26. axb6 Be2 27. b7 Nc6 28. Ra8 Rb8 29. f3 Kf8 30. Kf2 Bxf1 31. Kxf1 Ke7 32. Rxb8 Nxb8 33.
Bf4 Nc6 34. b8=Q Nxb8 35. Bxb8 Kf6 36. Bd6 h5 37. Bxc5 Ke5 38. Be3 d2 39. Ke2 f5 40.
Kxd2 f4 41. Bf2 g5 42. Kd3 Kd6 43. Ke4 h4 44. h3 1-0

[Event "Live Chess"]
[Site "Chess.com"]
[Date "2024.06.01"]
[Round "-"]
[White "f4nomore"]
[Black "TJ-W"]
[Result "1-0"]
[WhiteElo "1207"]
[BlackElo "1549"]
[TimeControl "300"]
[EndTime "10:19:23 PDT"]
[Termination "f4nomore won - game abandoned"]

1. c4 e5 2. Nc3 Nf6 3. d3 Bb4 4. Bd2 d5 5. cxd5 Nxd5 6. Qa4+ c6 7. Nxd5 Bxd2+ 8. Kxd2 Qxd5 9. Nf3 e4 10. Qxe4+ Qxe4 11. dxe4 O-O 12. e3 f5 13. e5 Be6 14. Nd4 1-0

[Event "Live Chess"]
[Site "Chess.com"]
[Date "2024.06.01"]
[Round "-"]
[White "DoggyDalmatian"]
[Black "AnotherOneBadPlayer"]
[Result "0-1"]
[WhiteElo "1562"]
[BlackElo "2173"]
[TimeControl "300"]
[EndTime "10:19:38 PDT"]
[Termination "AnotherOneBadPlayer won by checkmate"]

1. e4 c5 2. f3 Nc6 3. Ne2 g6 4.
d4 cxd4 5. Nxd4 Bg7 6. Be3 d6 7. Nc3 Nf6 8. Qd2 O-O 9. O-O-O a6 10. g4 Bd7 11. h4 b5 12. g5 Nh5 13. Rg1 b4 14.
Nce2 Qa5 15. Kb1 Ne5 16. Nc1 Rfc8 17. f4 Nc4 18. Bxc4 Rxc4 19. b3 Rc3 20. Nce2 Rc7 21. Rdf1 e6 22. Qd3 Rac8 23. f5 exf5 24. exf5 Be5 25.
fxg6 hxg6 26. Nf3 Rxc2 27. Nc1 Rb2+ 28. Ka1 Rxa2+ 29. Kb1 Ra1# 0-1

[Event "Live Chess"]
[Site "Chess.com"]
[Date "2024.06.01"]
[Round "-"]
[White "StoreySniper"]
[Black "LL220284LL"]
[Result "0-1"]
[WhiteElo "2542"]
[BlackElo "2582"]
[TimeControl "300"]
[EndTime "10:19:40 PDT"]
[Termination "LL220284LL won by resignation"]

1. c4 g6 2. g3 Bg7 3. Bg2 Nf6 4. Nc3 c6 5. Nf3 O-O 6. O-O d6 7. d4 Nbd7 8. h3 Qc7 9. e4 e5 10. d5 a6 11. a4 c5 12. Bg5 Ne8 13. Qd2 Nb6 14.
a5 Nxc4 15. Qc1 Nxa5 16. Nd2 b5 17. Nxb5 axb5 18. b4 h6 19. Be3 Bd7 20. bxa5 Rxa5 21. Rxa5 Qxa5 22. Nb3 Qa4 23. Nxc5 dxc5 24. Bxc5 Qc4 25.
Qa3 Nf6 26. Bxf8 Bxf8 27. Qe3 b4 28. Rc1 Qb5 29. Bf1 Qb8 30. g4 Kg7 31. Bc4 Bd6 32. Bb3 h5 33. f3 hxg4 34. hxg4 Nh7 35. Kg2 Qb5 36. Rh1 g5 37. Kg3 f6 38. Qa7 Nf8 39. Qa2 Ng6 40. Qa7 Nh4 41. Bc4 Qa4 42. Qb6 Qc2 43.
Rh2 Qxc4 44. Qxd6 Be8 45. Qb6 Qc3 46. Qf2 b3 47. Rxh4 gxh4+ 48. Kxh4 b2 49. Qa7+ Bf7 50. Qb6 Qe1+ 51. Kh3 Qh1+ 52. Kg3 b1=Q 0-1

[Event "Live Chess"]
[Site "Chess.com"]
[Date "2024.06.01"]
[Round "-"]
[White "NottheBishopSacrifice"]
[Black "Hazban"]
[Result "1-0"]
[WhiteElo "2192"]
[BlackElo "2039"]
[TimeControl "300"]
[EndTime "10:19:40 PDT"]
[Termination "NottheBishopSacrifice won by resignation"]

1. d4 Nf6 2. c4 e5 3. dxe5 Ng4 4. Nf3 Nc6 5. Bf4 Bb4+ 6. Nbd2 Qe7 7. a3 Ngxe5 8. Nxe5 Nxe5 9. e3 Bxd2+ 10. Qxd2 d6 11. Be2 O-O 12. O-O b6 13. b4 Bb7 14. Qc3 a5 15. c5 axb4 16. axb4 Ng6 17. Bg3 dxc5 18.
bxc5 bxc5 19. Rxa8 Rxa8 20. Rc1 h5 21. h3 h4 22. Bh2 Qg5 23. f3 Re8 24. Qxc5 Qxe3+ 25. Qxe3 Rxe3 26. Kf2 Rb3 27. Rxc7 Rb2 28. Ke3 Bd5 29.
Bd6 Be6 30. f4 Rb3+ 31. Kf2 Bd5 32. f5 Nh8 33. Rc8+ Kh7 34. Rd8 Be4 35. f6 gxf6 36. Be7 Rg3 37. Bf1 Rd3 38. Bxd3 1-0

[Event "Live Chess"]
[Site "Chess.com"]
[Date "2024.06.01"]
[Round "-"]
[White "grillage"]
[Black "SergiiA"]
[Result "1-0"]
[WhiteElo "1893"]
[BlackElo "1550"]
[TimeControl "300"]
[EndTime "10:19:45 PDT"]
[Termination "grillage won on time"]

1. d4 d5 2. Nf3 Nf6 3. c4 e6 4. cxd5 exd5 5. Nc3 c6 6. Qc2 Bd6 7. Bg5 O-O 8. e3 Bg4 9. Ne5 Be6 10. Bd3 h6 11.
Bh4 Nbd7 12. O-O Nxe5 13. dxe5 Bxe5 14. f4 Bd6 15. Kh1 Be7 16. f5 Bd7 17. Bg3 a6 18. Rf3 c5 19. Raf1 b5 20. Be5 Bc6 21. Bf4 c4 22. Be2 d4 23. Rg3 Kh7 24. exd4 Qxd4 25.
Qc1 Rad8 26. Rh3 Ne4 27. Nxe4 Bxe4 28. Bxh6 Kg8 29. Rg3 g6 30. fxg6 1-0

[Event "Live Chess"]
[Site "Chess.com"]
[Date "2024.06.01"]
[Round "-"]
[White "MagnersCarlsberg2870"]
[Black "DenisOnopriichuk2003"]
[Result "1-0"]
[WhiteElo "1893"]
[BlackElo "1843"]
[TimeControl "300"]
[EndTime "10:19:46 PDT"]
[Termination "MagnersCarlsberg2870 won by resignation"]

1. d4 Nf6 2. Nf3 d5 3. e3 c5 4. c3 cxd4 5. exd4 Bg4 6. h3 Bh5 7. Bd3 e6 8. Bb5+ Nc6 9. Qa4 Qb6 10. Ne5 Rc8 11. Nd2 a6 12. Bd3 Bd6 13. f4 O-O 14. O-O Qc7 15. g4 Bxe5 16. fxe5 Nxg4 17. hxg4 Bxg4 18.
Qc2 h6 19. Nf3 Qe7 20. Qg2 Bxf3 21. Rxf3 f5 22. Bxh6 Kh7 23. Bg5 Qf7 24. Rh3+ Kg8 25. Qh2 Qg6 26. Rg3 Kf7 27. Bf4 Rh8 28. Qg2 Qh7 29. Kf2 Ne7 30. Rg1 g6 31. Bg5 Rcg8 32. c4 dxc4 33. Bxc4 Nc6 34. Bf6 Nxd4 35. Bxh8 Qxh8 36.
Rxg6 Qxe5 37. Rxg8 Qf4+ 38. Ke1 Nc2+ 39. Qxc2 Qe3+ 1-0

[Event "Live Chess"]
[Site "Chess.com"]
[Date "2024.06.01"]
[Round "-"]
[White "CennyddB"]
[Black "yarek"]
[Result "0-1"]
[WhiteElo "1132"]
[BlackElo "1734"]
[TimeControl "300"]
[EndTime "10:19:48 PDT"]
[Termination "yarek won by checkmate"]

1. d4 g6 2. Nf3 Bg7 3. g3 c6 4. Bg2 d5 5. O-O Nd7 6. b3 e5 7. Bb2 e4 8. Nfd2 Ngf6 9. c4 O-O 10.
Nc3 a6 11. cxd5 cxd5 12. Rc1 Nb6 13. Ba3 Re8 14. Bc5 Bd7 15. a4 Bc6 16. f3 e3 17.
Ndb1 Nbd7 18. Bb4 a5 19. Bc5 b6 20. Bd6 Nf8 21. Bf4 Rc8 22. Qd3 Nh5 23. Bxe3 Ne6 24.
Nb5 Bxb5 25. Qxb5 Rxc1 26. Rxc1 Nxd4 27. Qd3 Nxe2+ 28. Qxe2 d4 29. Qd3 Rxe3 30. Qd2 Rxb3 31. Rc4 Rxb1+ 32. Bf1 d3 33. Kf2 Bd4+ 34. Kg2 Bc5 35.
Qa2 d2 36. Be2 d1=Q 37. Bxd1 Qxd1 38. Re4 Qf1# 0-1

[Event "Live Chess"]
[Site "Chess.com"]
[Date "2024.06.01"]
[Round "-"]
[White "Ksenia_2013"]
[Black "Yarigo"]
[Result "0-1"]
[WhiteElo "785"]
[BlackElo "2389"]
[TimeControl "300"]
[EndTime "10:20:05 PDT"]
[Termination "Yarigo won by checkmate"]

1. e4 e5 2. Nf3 Nc6 3. Bc4 Nf6 4. Ng5 d5 5. exd5 Na5 6. Bb3 Nxb3 7. cxb3 h6 8. Nxf7 Kxf7 9. Qf3 Qxd5 10. Qe3 Qxg2 11. Rf1 Bh3 12. Ke2 Qxf1+ 13. Kf3 Qd1+ 14. Kg3 Qg4# 0-1

[Event "Live Chess"]
[Site "Chess.com"]
[Date "2024.06.01"]
[Round "-"]
[White "KyryloPoluliakh"]
[Black "Enhard"]
[Result "1-0"]
[WhiteElo "1489"]
[BlackElo "1412"]
[TimeControl "300"]
[EndTime "10:20:20 PDT"]
[Termination "KyryloPoluliakh won by resignation"]

1. c4 c6 2. Nc3 d5 3. cxd5 cxd5 4. d4 Nf6 5. g3 Nc6 6. Bg2 Bf5 7. a3 a6 8. e3 e6 9. Nge2 Bd6 10. O-O O-O 11. f3 h6 12. e4 dxe4 13. fxe4 Bg4 14. e5 Bxe2 15. Nxe2 Nxd4 16. Qxd4 Rc8 17. exd6 Qd7 18. Bf4 Ne8 19. Rac1 Rd8 20. Rfd1 g5 21. Bd2 Nxd6 22. Bb4 e5 23. Qxd6 Qb5 24. Qxd8 Rxd8 25. Rxd8+ Kg7 26. Rd2 Qb6+ 27. Kh1 Qe3 28. Rdc2 a5 29. Bxa5 Qb3 30. Bc3 Qe6 31. Bxb7 Qb6 32. Bg2 Qe3 33. b4 Qa7 34.
Bxe5+ Kg6 35. Be4+ f5 36. Rc6+ Kh5 37. g4+ fxg4 38.
Bg6+ Kh4 39. Bg3+ Kh3 40. Ng1+ Qxg1+ 1-0

[Event "Live Chess"]
[Site "Chess.com"]
[Date "2024.06.01"]
[Round "-"]
[White "A3ndrey9"]
[Black "Ninifu"]
[Result "0-1"]
[WhiteElo "1258"]
[BlackElo "2045"]
[TimeControl "300"]
[EndTime "10:20:30 PDT"]
[Termination "Ninifu won by resignation"]

1. Nf3 Nf6 2. d4 g6 3. c4 Bg7 4. Nc3 O-O 5. e4 d6 6. g3 e5 7.
dxe5 dxe5 8. Qxd8 Rxd8 9. Nxe5 Re8 10. Bf4 Nxe4 11. Nxe4 Bxe5 12. Bxe5 Rxe5 13. Bg2 f5 14. f4 Re8 15. O-O fxe4 16. Rfe1 Bf5 17. h3 h5 18. Rad1 Nc6 19. a3 Rad8 20. Rxd8 Rxd8 21. Bxe4 Bxe4 22. Rxe4 Kf7 23. b4 Re8 24. Rxe8 Kxe8 25.
Kf2 Ke7 26. Ke3 Ke6 27. Ke4 a6 28. g4 hxg4 29. hxg4 Ne7 30. a4 b6 31. c5 bxc5 32. b5 a5 33. f5+ gxf5+ 34. gxf5+ Nxf5 35. Kf4 Nd4 36. Ke4 Kd6 37. Kd3 Kd5 38. Kc3 c4 39. Kb2 Ne2 40. Kc2 Kd4 41. Kd2 Nf4 42. Kc2 Nd5 43. Kd2 c3+ 44. Kc2 Nb4+ 45. Kb3 Kd3 46.
Ka3 Kd2 47. Kb3 c2 0-1

[Event "Live Chess"]
[Site "Chess.com"]
[Date "2024.06.01"]
[Round "-"]
[White "viktor_forever1994"]
[Black "Rusty_Bridges"]
[Result "1-0"]
[WhiteElo "1404"]
[BlackElo "1512"]
[TimeControl "300"]
[EndTime "10:20:43 PDT"]
[Termination "viktor_forever1994 won by checkmate"]

1. e4 d6 2. d4 Nf6 3. Nc3 Nbd7 4. Nf3 h6 5. Bc4 e5 6. dxe5 dxe5 7. O-O c6 8. Be3 Qc7 9. Qd2 Be7 10. Rfd1 b5 11. Be2 b4 12. Nb1 Nxe4 13. Qd3 f5 14.
a3 bxa3 15. Nxa3 O-O 16. Qc4+ Kh8 17. Bd3 Nd6 18. Qc3 e4 19. Bxh6 exd3 20. Qxg7# 1-0

[Event "Live Chess"]
[Site "Chess.com"]
[Date "2024.06.01"]
[Round "-"]
[White "Pizzaman313"]
[Black "seasidecastle27"]
[Result "0-1"]
[WhiteElo "1211"]
[BlackElo "1948"]
[TimeControl "300"]
[EndTime "10:20:48 PDT"]
[Termination "seasidecastle27 won by resignation"]

1. e4 e6 2. d4 d5 3. e5 c5 4. c3 Nc6 5. Nf3 Bd7 6. Bd3 Qb6 7.
Bc2 cxd4 8. cxd4 Nb4 9. O-O Nxc2 10. Qxc2 Rc8 11. Nc3 Ne7 12. Bg5 Nf5 13. Rad1 h6 14.
Bf4 g5 15. Be3 Bb4 16. a3 Bxc3 17. bxc3 Qa5 18. Qb2 Qxc3 19. Qxb7 Nxe3 20. fxe3 Qxe3+ 21. Kh1 g4 22. Nh4 Qg5 23. g3 Qe3 24. Rxf7 Qe4+ 25. Kg1 Qe3+ 26. Kh1 Qe4+ 27. Kg1 Qe3+ 28. Kf1 Rd8 29. Re1 Qd3+ 30. Re2 Kxf7 0-1

[Event "Live Chess"]
[Site "Chess.com"]
[Date "2024.06.01"]
[Round "-"]
[White "matt1979"]
[Black "Bradfield133"]
[Result "0-1"]
[WhiteElo "1361"]
[BlackElo "2026"]
[TimeControl "300"]
[EndTime "10:20:59 PDT"]
[Termination "Bradfield133 won by checkmate"]

1. f4 c5 2. Nf3 d5 3. e3 g6 4. Bb5+ Nc6 5. O-O Bg7 6. Nc3 e6 7.
d3 Ne7 8. Qe1 O-O 9. Bxc6 Nxc6 10. e4 dxe4 11. dxe4 Nd4 12. Nxd4 cxd4 13. Ne2 Qb6 14.
Kh1 Bd7 15. Qh4 Bc6 16. Rf3 f5 17. Rh3 h6 18. Qg3 Kh7 19. e5 Be4 20. c3 d3 21.
Nd4 Rfd8 22. Qh4 Rxd4 23. cxd4 Qxd4 24. Be3 Qxb2 25. Rc1 Qxg2# 0-1

[Event "Live Chess"]
[Site "Chess.com"]
[Date "2024.06.01"]
[Round "-"]
[White "ogpin"]
[Black "Larchikov"]
[Result "1/2-1/2"]
[WhiteElo "2227"]
[BlackElo "1979"]
[TimeControl "300"]
[EndTime "10:21:03 PDT"]
[Termination "Game drawn - timeout vs insufficient material"]

1. a4 d6 2. Ra3 e5 3. g3 f5 4.
Bg2 Nf6 5. a5 d5 6. b3 Bxa3 7.
Bxa3 Nbd7 8. e3 b6 9. Ne2 c5 10. d4 O-O 11. c4 e4 12. Nbc3 dxc4 13. bxc4 Ba6 14. Qa4 Re8 15. O-O Qc7 16. d5 Ne5 17. Nb5 Qd7 18. Nf4 Nxc4 19. Qxc4 Bxb5 20. Qa2 Bxf1 21. Bxf1 Red8 22. Ne6 Nxd5 23. Nxd8 Rxd8 24. a6 Kh8 25. Bb2 b5 26. Qa5 c4 27. Bd4 Rc8 28. h4 Qc7 29. Qxb5 c3 30. Qxd5 c2 31. Bb2 c1=Q 32.
Bxc1 Qxc1 33. Qxf5 Qc2 34. h5 Rd8 35. h6 Qc3 36.
hxg7+ Qxg7 37. Qxe4 Rf8 38. Bd3 Qf7 39. Qd4+ Qf6 40. Qxf6+ Rxf6 41. Be4 Kg7 42. Bb7 Rb6 43. Kg2 Kf6 44. f4 Rb3 45. Kf3 h5 46. Ke4 Rb4+ 47. Kd5 Rb5+ 48. Kc6 Rb3 49. Kc7 Rxe3 50. Kb8 Rxg3 51.
Kxa7 Ra3 52. Kb6 Kf5 53. a7 Rxa7 54. Kxa7 h4 55. Bc8+ Kxf4 56. Kb8 Kg3 57. Kc7 h3 58. Kd8 Kg2 59. Bd7 1/2-1/2

[Event "Live Chess"]
[Site "Chess.com"]
[Date "2024.06.01"]
[Round "-"]
[White "Berdgross"]
[Black "Mangoalo"]
[Result "0-1"]
[WhiteElo "592"]
[BlackElo "1010"]
[TimeControl "300"]
[EndTime "10:21:05 PDT"]
[Termination "Mangoalo won by resignation"]

1. e4 c6 2. d3 d5 3. exd5 cxd5 4. Nf3 Nc6 5. Nc3 Bg4 6. Be2 d4 7.
h3 Bxf3 8. Bxf3 dxc3 9. bxc3 e6 10. O-O Bd6 11. Bb2 Qf6 12. Rb1 Qf4 13. g3 Qg5 14. c4 Bxg3 15. fxg3 Qxg3+ 16. Kh1 Qxh3+ 17. Kg1 Ne5 18. Bxe5 f6 19. Bxb7 Rd8 20. Bg2 Qh4 21. Bc7 Rd4 22. Bc6+ Kf7 23. Qf3 Rg4+ 24. Qxg4 Qxg4+ 25.
Kf2 Nh6 26. Rb7 Qf5+ 27. Ke1 Qh3 28. Bf4+ Kg6 29. Rg1+ Ng4 30. Be4+ f5 31. Bg2 Qh4+ 32. Kd2 Qf2+ 33. Kc3 Qxg1 34. Bh3 Qa1+ 35. Rb2 e5 36.
Bxg4 exf4 37. Bf3 Rb8 0-1

[Event "Live Chess"]
[Site "Chess.com"]
[Date "2024.06.01"]
[Round "-"]
[White "Bob2pen"]
[Black "Duke_of_Bebington"]
[Result "1-0"]
[WhiteElo "1833"]
[BlackElo "1608"]
[TimeControl "300"]
[EndTime "10:21:15 PDT"]
[Termination "Bob2pen won by resignation"]

1. e4 e5 2. Nf3 Nf6 3. d4 Nxe4 4. Bd3 Nc6 5. Bxe4 d5 6. Nxe5 dxe4 7. Nxc6 bxc6 8. O-O Bd6 9. Qh5 O-O 10. Bg5 Qd7 11. Nd2 f5 12. Nc4 Ba6 13. b3 Qf7 14. Qxf7+ Rxf7 15. Nxd6 cxd6 16. Rfe1 h6 17. Bf4 d5 18.
h4 Rc8 19. Be5 c5 20. c3 cxd4 21. Bxd4 Bd3 22. Re3 f4 23. Ree1 Rc6 24. Rad1 Rg6 25. Rd2 Rg4 26. f3 Rxh4 27. c4 dxc4 28. bxc4 Bxc4 29.
Rxe4 Rh5 30. Be5 Bb5 31. Bxf4 Rc5 32. Red4 a6 33. Kf2 Rf8 34. Bd6 Rfc8 35. Bxc5 Rxc5 36. g4 Kh7 37. Kg3 Bc6 38. f4 Rc3+ 39. R4d3 Rc1 40. f5 Rg1+ 41. Kf4 Rf1+ 42. Ke5 Bb5 43. Rd4 Re1+ 44.
Kd6 Re8 45. Rh2 Rd8+ 46. Kc5 Rc8+ 47. Kd6 Rd8+ 48. Ke5 Re8+ 49. Kf4 Re1 50. g5 Rf1+ 51.
Ke5 Re1+ 52. Kd6 Re7 53. Kxe7 1-0

[Event "Live Chess"]
[Site "Chess.com"]
[Date "2024.06.01"]
[Round "-"]
[White "MaximKhimchenko"]
[Black "Trendle"]
[Result "0-1"]
[WhiteElo "1782"]
[BlackElo "2621"]
[TimeControl "300"]
[EndTime "10:21:15 PDT"]
[Termination "Trendle won by resignation"]

1. e4 e6 2. d4 d5 3. e5 c5 4. c3 Qb6 5. Nf3 Nc6 6. Be2 Nge7 7. Na3 cxd4 8. cxd4 Nf5 9. Nc2 Bd7 10. O-O a5 11. g4 Nfe7 12. Bg5 h5 13. h3 hxg4 14.
hxg4 Ng6 15. Kg2 Be7 16. Bxe7 Ncxe7 17. Rh1 O-O-O 18. b4 Nf4+ 19. Kg3 Rxh1 20. Qxh1 Nxe2+ 21. Kg2 axb4 22. Rb1 Nc6 23. a3 b3 24. Na1 b2 25.
Qd1 Nc3 0-1

[Event "Live Chess"]
[Site "Chess.com"]
[Date "2024.06.01"]
[Round "-"]
[White "E2E4colchester"]
[Black "Brooms1989"]
[Result "0-1"]
[WhiteElo "1092"]
[BlackElo "1070"]
[TimeControl "300"]
[EndTime "10:21:20 PDT"]
[Termination "Brooms1989 won by checkmate"]

1. d4 Nf6 2. c4 g6 3. e3 Bg7 4. Nc3 O-O 5. b3 d5 6. Bb2 c6 7. Nf3 Bg4 8. h3 Bd7 9. Ne5 Ne4 10. Nxe4 dxe4 11. Nxd7 Qxd7 12. Qd2 f5 13. c5 b6 14. Bc4+ Kh8 15. O-O-O b5 16. Be2 a5 17. a3 a4 18. b4 Qc7 19. f3 exf3 20. Bxf3 Nd7 21. g4 f4 22. exf4 Qxf4 23. Qxf4 Rxf4 24. d5 Bxb2+ 25.
Kxb2 Rxf3 26. dxc6 Ne5 27. c7 Nc6 28. Rd2 Rc8 29. Rd7 Rf2+ 30. Kb1 Kg7 31. Rhd1 Kf7 32. R7d3 Rxc7 33. R1d2 Rxd2 34. Rxd2 Ne5 35. Rf2+ Ke6 36. Kc2 Nc4 37. Re2+ Kf7 38. Rg2 Rd7 39. Rf2+ Ke8 40.
Re2 e5 41. Kc3 Ke7 42. h4 Ke6 43. h5 gxh5 44. gxh5 Nxa3 45. Re4 Nc4 46. Re1 Kf5 47. Rf1+ Kg5 48. h6 Kxh6 49. Rh1+ Kg6 50. Rg1+ Kf6 51.
Rf1+ Ke6 52. Re1 h5 53. Rh1 Rh7 54. Rh4 Kf5 55. c6 Kg5 56. c7 Rxc7 57. Rh1 Ne3+ 58. Kd2 Ng4 59. Ke2 Rc4 60. Kd1 a3 61.
Kd2 a2 62. Ke2 Rxb4 63. Kf3 Rb1 64. Rh2 a1=Q 65. Re2 Qc3+ 66. Kg2 Rb2 67. Kf1 Rxe2 68. Kg1 b4 69. Kf1 b3 70. Kg1 b2 71. Kf1 b1=Q+ 72. Kxe2 Qbb2+ 73. Kd1 Qcc1# 0-1